 Dungeon Crawl Stone Soup version 0.30.1-3-gfc49f6343a (webtiles) character file.

Game seed: 8866612616074144774

4260 Anandil the Fighter (level 9, -22/75 HPs)
             Began as a Demonspawn Fighter on Aug 3, 2023.
             Was a Believer of Ru.
             Killed from afar by Maggie (25 damage)
             ... with a bolt of fire
             ... while paralysed by a hornet
             ... on level 9 of the Dungeon.
             The game lasted 00:16:25 (10188 turns).

Anandil the Fighter (Demonspawn Fighter)           Turns: 10188, Time: 00:16:27

Health: -22/75     AC: 15    Str: 20    XL:     9   Next: 10%
Magic:  9/9        EV:  2    Int: 12    God:    Ru [**....]
Gold:   453        SH:  0    Dex: 14    Spells: 8/8 levels left

rFire   . . .        a - +0 trident
rCold   . . .        c - +0 buckler
rNeg    . . .        o - +0 chain mail "Todasorch" {rCorr Int+3 SInv}
rPois   .            (no helmet)
rElec   .            u - +2 cloak {rCorr}
rCorr   +            (gloves unavailable)
SInv    +            f - +0 pair of boots
Will    .....        (no amulet) Stlth
                     h - ring of flight
HPRegen 0.32/turn    (no ring)
MPRegen 0.11/turn

%: no passive effects
@: paralysed, flying, mesmerised, slowed
A: claws 3, demonic guardian 2, powered by pain 1, inexperienced 1
a: Renounce Religion


You were on level 9 of the Dungeon.
You worshipped Ru.
Ru was pleased with you.
You visited 2 branches of the dungeon, and saw 10 of its levels.

You collected 453 gold pieces.

Inventory:

Hand Weapons
 a - a +0 trident (weapon)
 D - the +7 dagger "Uffopuod" {flame, rElec rF- Str+5 Int+3}
   (You found it on level 6 of the Dungeon)

   Str:       It affects your strength (+5).
   Int:       It affects your intelligence (+3).
   rF:        It makes you vulnerable to fire.
   rElec:     It insulates you from electricity.
Missiles
 t - 2 poisoned darts (quivered)
 H - 6 javelins
 I - a curare-tipped dart
Armour
 c - a +0 buckler (worn)
 f - a +0 pair of boots (worn)
 o - the +0 chain mail "Todasorch" (worn) {rCorr Int+3 SInv}
   (You found it on level 2 of the Dungeon)

   Int:       It affects your intelligence (+3).
   SInv:      It lets you see invisible.
   rCorr:     It protects you from acid and corrosion.
 u - a +2 cloak of preservation (worn)
 A - a +0 plate armour
Jewellery
 h - a ring of flight (left claw)
 l - a +6 ring of intelligence
 K - the amulet "Kynne" {Will++ Regen+ Int-4 Dex+4}
   (You found it on level 8 of the Dungeon)

   [amulet of regeneration]

   Int:       It affects your intelligence (-4).
   Dex:       It affects your dexterity (+4).
   Regen:     It increases your rate of health regeneration.
   Will:      It greatly increases your willpower.
Wands
 g - a wand of digging (4)
 C - a wand of acid (3)
 J - a wand of iceblast (13)
Scrolls
 b - a scroll of brand weapon {unknown}
 e - 3 scrolls of enchant weapon
 i - 4 scrolls of teleportation
 j - 3 scrolls of amnesia
 p - 6 scrolls of fear
 r - 3 scrolls of vulnerability {unknown}
 s - 2 scrolls of noise {unknown}
 x - a scroll of summoning {unknown}
 y - a scroll of immolation {unknown}
 z - a scroll of poison {unknown}
 B - a scroll of fog {unknown}
Potions
 d - 3 potions of resistance
 k - a potion of magic {unknown}
 m - 2 potions of curing
 n - a potion of lignification {unknown}
 q - 4 potions of brilliance
 v - a potion of mutation {unknown}
 w - a potion of flight {unknown}
 E - a potion of attraction {unknown}
 F - a potion of degeneration {unknown}
 G - a potion of heal wounds {unknown}
 L - a potion of berserk rage {unknown}


   Skills:
 + Level 8.9 Fighting
 + Level 7.7 Polearms
 + Level 8.2 Armour
 - Level 4.0 Shields


You had 8 spell levels left.
You didn't know any spells.
Your spell library contained the following spells:

 Spells                   Type           Power      Damage    Failure   Level
 Sting                    Tmut/Pois      0%         1d3       94%         1
 Poisonous Vapours        Pois/Air       0%         N/A       98%         2
 Stone Arrow              Conj/Erth      0%         3d7       100%        3
 Animate Armour           Summ/Erth      0%         N/A       100%        4
 Olgreb's Toxic Radiance  Pois           0%         N/A       100%        4
 Lehudib's Crystal Spear  Conj/Erth      0%         10d2      100%        8


Dungeon Overview and Level Annotations

Branches:
Dungeon (9/15)             Temple (1/1) D:7            Lair (0/5) D:8
    Orc: D:9-12

Altars:
Ashenzari
Cheibriados
Dithmenos
Fedhas
Gozag
Kikubaaqudgha
Makhleb
Nemelex Xobeh
Okawaru
Qazlal
Ru
Sif Muna
Trog
Uskayaw
Vehumet
Xom
Yredelemnul

Shops:
D:8 (

Annotations:
D:9 Maggie


Innate Abilities, Weirdness & Mutations

You have claws for hands.
A demonic guardian rushes to your aid.
You sometimes gain a little power by taking damage.
You are somewhat inexperienced. (-1 XL)


Message History

Unknown command.
Throw: 3 darts (poison)
Press: ? - help, Q - select action, (/) - cycle Shift-Dir - straight line, f/p - hornet
Aim: a hornet (moderately wounded, very poisoned, softly glowing, 66% to hit)
You throw a poisoned dart. The poisoned dart hits the hornet.
The hornet is moderately wounded.
You feel sick.
The hornet stops glowing.
The hornet stings you!
You are more poisoned.
You feel yourself slow down. You block Maggie's attack.
Unknown command.
You closely miss the hornet.
The hornet is moderately wounded.
You feel very sick. The hornet stings you.
You are more poisoned.
You feel as though you will be slow longer.
Maggie closely misses you. The hornet stings you!
You feel as though you will be slow longer.
You barely miss the hornet.
The hornet is heavily wounded.
You feel very sick.
The hornet stings you but does no damage.
Maggie hits you with a +0 scimitar.
* * * LOW HITPOINT WARNING * * *
The hornet stings you!
* * * LOW HITPOINT WARNING * * *
A demonic guardian appears!
You are more poisoned.
You feel as though you will be slow longer.
Maggie hits you with a +0 scimitar!
* * * LOW HITPOINT WARNING * * *
You focus your inner power and illuminate Maggie in retribution!
Unknown command.
You feel better. The hornet stings you!
* * * LOW HITPOINT WARNING * * *
You suddenly lose the ability to move!
The hornet is stunned by your conviction and fails to attack.
Maggie gestures at you while chanting. The bolt of fire hits you!!
You die...

#. ...#
#.##.###
#......#
####.#.######
#.....@.....#
#.##.###.##.#
#.##...#.#
#....@y# #
####.#@#.#####
...#<4......
#############


You could see Maggie (mesmerising, corona), a hornet (poisoned, ally target) and
a friendly rust devil (summoned).

Vanquished Creatures
  Joseph (D:7)
  An elephant (D:8)
  Grinder (D:4)
  Sigmund (D:3)
  A basilisk (D:8)
  Eustachio (D:6)
  A water moccasin (D:7)
  3 ice beasts
  2 sky beasts
  2 black bears
  2 ogres
  A kobold brigand (D:8)
  5 bullfrogs
  2 scorpions
  4 killer bees (D:8)
  3 jellies
  2 orc priests
  2 hounds
  Crazy Yiuf (D:2)
  5 iguanas
  4 orc wizards
  6 adders
  6 gnolls (D:8)
  A shadow imp (D:6)
  An ufetubus (D:6)
  A worm (D:3)
  2 dart slugs (D:1)
  17 orcs
  3 endoplasms
  2 giant cockroaches
  8 goblins
  8 hobgoblins
  8 jackals (D:1)
  3 quokkas
  6 ball pythons
  3 bats
  A frilled lizard (D:1)
  13 kobolds
  4 rats
138 creatures vanquished.

Vanquished Creatures (collateral kills)
  A wyvern (D:8)
  A basilisk (D:8)
  A water moccasin (D:6)
  A sky beast (D:6)
  2 ice beasts (D:6)
  A jelly (D:6)
  An orc wizard (D:6)
  4 orcs (D:6)
12 creatures vanquished.

Vanquished Creatures (others)
  An orc (D:8)
1 creature vanquished.

Grand Total: 151 creatures vanquished

Notes
Turn   | Place    | Note
-------+----------+-------------------------------------------
     0 | D:1      | Anandil the Demonspawn Fighter began the quest for the Orb.
     0 | D:1      | Reached XP level 1. HP: 18/18 MP: 1/1
    94 | D:1      | Gained mutation: You have sharp fingernails. [demonic
                  | ancestry]
    94 | D:1      | Reached XP level 2. HP: 24/24 MP: 2/2
   478 | D:1      | Reached XP level 3. HP: 27/29 MP: 3/3
   846 | D:2      | Found a faded altar of an unknown god.
  1843 | D:2      | Identified the +0 chain mail "Todasorch" {rCorr Int+3 SInv}
  1919 | D:2      | Found a runed translucent door.
  1920 | D:2      | Noticed Crazy Yiuf
  2267 | D:3      | Noticed Sigmund
  2294 | D:3      | Killed Sigmund
  2295 | D:3      | Gained mutation: You have very sharp fingernails. [demonic
                  | ancestry]
  2295 | D:3      | Reached XP level 4. HP: 7/37 MP: 4/4
  2295 | D:3      | Gained mutation: You have claws for hands. [demonic
                  | ancestry]
  2295 | D:3      | Reached XP level 5. HP: 8/42 MP: 5/5
  3131 | D:4      | Noticed Grinder
  3755 | D:2      | Killed Crazy Yiuf
  3756 | D:2      | Gained mutation: You sometimes gain a little power by
                  | taking damage. [demonic ancestry]
  3756 | D:2      | Reached XP level 6. HP: 24/48 MP: 6/6
  4087 | D:4      | Paralysed by Grinder for 2 turns
  4097 | D:4      | Paralysed by Grinder for 3 turns
  4113 | D:4      | Paralysed by Grinder for 4 turns
  4118 | D:4      | Killed Grinder
  4226 | D:4      | Identified the +2 robe of the Lobster {Int+8}
  4369 | D:4      | Found a shadowy altar of Dithmenos.
  4428 | D:4      | Found a snail-covered altar of Cheibriados.
  4480 | D:5      | Entered Level 5 of the Dungeon
  4533 | D:5      | Noticed a sky beast
  4620 | D:5      | Gained mutation: A weak demonic guardian rushes to your
                  | aid. [demonic ancestry]
  4620 | D:5      | Reached XP level 7. HP: 38/55 MP: 7/7
  4800 | D:5      | Reached skill level 5 in Fighting
  5220 | D:5      | Reached skill level 5 in Armour
  5611 | D:6      | Noticed Eustachio
  5623 | D:6      | Killed Eustachio
  5624 | D:6      | Gained mutation: A demonic guardian rushes to your aid.
                  | [demonic ancestry]
  5624 | D:6      | Reached XP level 8. HP: 57/64 MP: 8/8
  5821 | D:6      | Reached skill level 5 in Polearms
  6414 | D:6      | Identified the +7 dagger "Uffopuod" {flame, rElec rF- Str+5
                  | Int+3}
  6494 | D:6      | Identified the +0 robe "Koruimau" {rN+ Str-2 Int+6}
  6550 | D:6      | Found a large runed translucent door.
  6551 | D:6      | Found a large runed translucent door.
  7408 | D:6      | Found a basalt altar of Yredelemnul.
  7411 | D:6      | Found a shimmering altar of Xom.
  7526 | D:7      | Reached XP level 9. HP: 71/72 MP: 9/9
  7612 | D:7      | Found a staircase to the Ecumenical Temple.
  7652 | Temple   | Entered the Ecumenical Temple
  7660 | Temple   | Became a worshipper of Ru the Awakened
  8018 | D:7      | Noticed Joseph
  8033 | D:7      | Killed Joseph
  8583 | D:8      | Found Abaext's Weapon Shoppe.
  8801 | D:8      | Found a staircase to the Lair.
  8801 | D:8      | Noticed an elephant
  8841 | D:8      | Killed an elephant
  9577 | D:8      | Reached XP level 10. HP: 75/82 MP: 10/10
  9612 | D:8      | Gained mutation: You are somewhat inexperienced. (-1 XL)
                  | [Ru sacrifice]
  9612 | D:8      | Reached XP level 9. HP: 75/75 MP: 9/9
  9612 | D:8      | Reached * piety under Ru
  9612 | D:8      | Reached ** piety under Ru
  9697 | D:8      | Identified the amulet "Kynne" {Will++ Regen+ Int-4 Dex+4}
 10175 | D:9      | Noticed Maggie
 10188 | D:9      | HP: 3/75 [hornet (9)]
 10188 | D:9      | Paralysed by a hornet for 2 turns
 10188 | D:9      | Killed from afar by Maggie

Illustrated notes

Levels and vault maps discovered:
D:1:      matt_arrival_grand_opening, layout_basic
D:2:      layout_loops_corners, hellmonk_ecumenical_altar_heavens_door,
          uniq_crazy_yiuf_cottage
D:3:      layout_basic, grunt_ministairs_7, reono_crystal_passage,
          minmay_misc_feat_tower, uniq_sigmund
D:4:      layout_rooms, mainiacjoe_overflow_swirl, solitary_fountain,
          uniq_grinder
D:5:      layout_cave_pods, chequers_serial_rivers_room_a
D:6:      layout_rooms, jmf_multi_god_temple2,
          nicolae_concentric_dashed_squares_wild,
          minmay_a_box_with_orc_wizards_in_it, uniq_eustachio
D:7:      layout_loops_ring, temple_doors_e, uniq_joseph
D:8:      layout_gridville, david_lair_generic, serial_shops, shop_fountains
D:9:      layout_basic, nicolae_overflow_hidden_temple, minivault_11,
          uniq_maggie
Temple:   nicolae_temple_x_marks_the_god

Skill      XL: |  1  2  3  4  5  6  7  8  9 |
---------------+----------------------------+-----
Polearms       | 2 3 4 6 7 |  7.7
Shields        | 3 4 |  4.0
Armour         | 3 4 5 6 8 |  8.2
Fighting       | 4 5 7 8 |  8.9

Action                     |  1- 3 |  4- 6 |  7- 9 | 10-12 || total
---------------------------+-------+-------+-------+-------++-------
  Melee: Trident           |   168 |   113 |   462 |       ||   743
  Throw: Dart              |       |     3 |     5 |       ||     8
 Invoke: Sacrifice Experie |       |       |     1 |       ||     1
    Use: Potion            |     1 |       |     2 |       ||     3
         Scroll            |       |     4 |     2 |       ||     6
   Stab: Distracted        |       |       |     1 |       ||     1
 Armour: Scale mail        |    56 |       |       |       ||    56
         Chain mail        |     4 |    71 |   238 |       ||   313
  Dodge: Dodged            |    66 |    48 |   157 |       ||   271
  Block: Buckler           |    41 |    20 |   101 |       ||   162
